 Dungeon Sprint DCSS version 0.29-a0-330-g52719c12eb (webtiles) character file.

Game seed: 5521561659827831119

23200000 thiscave3701365 the Archmage (level 27, -10/228 HPs)
             Began as a Djinni Warper on Apr 12, 2022.
             Was the Champion of Makhleb.
             Killed from afar by a vile (19 damage)
             ... with damnation
             ... in the Dungeon (Sprint VIII: "Arena of Blood").
             The game lasted 00:05:22 (232 turns).

thiscave3701365 the Archmage (Djinni Warper)         Turns: 232, Time: 00:05:25

Health: -10/228    AC:  6    Str: 20    XL:     27
Gold:   0          EV: 28    Int: 16    God:    Makhleb [******] SH:  0 Dex: 16

rFire   + + .      SeeInvis +   i - +∞ Axe of Woe
rCold   x . .      Faith    .   (shield currently unavailable)
rNeg    . . .      Spirit   .   b - +0 leather armour
rPois   ∞          Reflect  .   (no helmet)
rElec   .          Harm     .   (no cloak)
rCorr   .          Rampage  .   (no gloves)
Will    ++...      NoTele   +   (boots unavailable)
Stlth   +++.......              (no amulet)
HPRegen 0.48/turn               l - ring of see invisible
MPRegen 0.00/turn               (no ring)

@: confused, flying, slowed, very slow
A: sickness immunity, fire resistance 2, cold vulnerability 1, float, innate
caster, HP casting, extra vitality 1
a: Renounce Religion, Minor Destruction, Lesser Servant of Makhleb, Major
Destruction, Greater Servant of Makhleb


You were in the Dungeon.
You worshipped Makhleb.
Makhleb was exalted by your worship.
You visited 1 branch

Inventory:

Hand Weapons
 a - a +0 hand axe
 i - the +∞ Axe of Woe (weapon)
   (You found it in the Dungeon)
Missiles
 d - 7 boomerangs of dispersal
Armour
 b - a +0 leather armour (worn)
Jewellery
 j - a +30 ring of slaying
 k - a +30 ring of slaying
 l - a ring of see invisible (left hand)
Scrolls
 c - 2 scrolls of blinking
Potions
 e - a potion of curing
 f - a potion of heal wounds
 g - a potion of haste
 h - a potion of berserk rage


   Skills:
 O Level 27 Fighting
 O Level 27 Short Blades
 O Level 27 Long Blades
 O Level 27 Axes
 O Level 27 Maces & Flails
 O Level 27 Polearms
 O Level 27 Staves
 O Level 27 Slings
 O Level 27 Bows
 O Level 27 Crossbows
 O Level 27 Throwing
 O Level 27 Armour
 O Level 27 Dodging
 O Level 27 Stealth
 O Level 27 Shields
 O Level 27 Unarmed Combat
 O Level 27 Spellcasting
 O Level 27 Invocations
 O Level 27 Evocations


You couldn't memorise any spells.
You knew the following spells:

 Your Spells              Type           Power      Damage    Failure   Level
a - Blink                 Tloc           100%       N/A       0%          2
b - Lesser Beckoning      Tloc           82%        N/A       0%          3
c - Gell's Gravitas       Tloc           82%        N/A       0%          3
d - Teleport Other        Tloc           82%        N/A       0%          3
e - Manifold Assault      Tloc           82%        N/A       0%          5
f - Foxfire               Conj/Fire      100%       2x1d9     0%          1
g - Poisonous Vapours     Pois/Air       100%       N/A       0%          2
h - Tukima's Dance        Hex            82%        N/A       0%          3
i - Dazzling Flash        Conj/Hex       100%       N/A       0%          3
j - Ice Form              Ice/Tmut       82%        N/A       0%          4
k - Silence               Hex/Air        41%        N/A       0%          5
l - Dispersal             Tloc           41%        N/A       0%          6
m - Enfeeble              Hex            41%        N/A       1%          7
n - Summon Cactus Giant   Summ           41%        N/A       0%          6
o - Haunt                 Necr/Summ      41%        N/A       1%          7
p - Disjunction           Tloc           41%        N/A       1%          8
q - Chain Lightning       Conj/Air       41%        3d54      2%          9
r - Death's Door          Necr           41%        N/A       2%          9
Your spell library was empty.

Dungeon Overview and Level Annotations

Branches:
Dungeon (1/1)

Altars:
Makhleb


Innate Abilities, Weirdness & Mutations

You are immune to sickness and miasma.
You are immune to poison.
Your flesh is very heat resistant. (rF++)
You are vulnerable to cold. (rC-)
You float through the air rather than walking.
You learn spells naturally, not from books.
Your magical power is your life essence.
You have superior vitality. (+4 MHP)


Message History

You feel better.
You hit the dread.
You dissect the dread like a pig carcass.
You destroy the dread!
Makhleb accepts your kill.
You feel better.
The vile appears out of thin air!
A vile comes into view. It is wielding a +0 mace.
The observer gazes at you. Something smites you!
Some rock shatters into small pieces.
A wretched soul comes into view.
A bag of meat comes into view. It is wielding a +9 war axe.
The meat beast is poisoned.
An accursed comes into view.
You hear a shout!
The scourge throws poison sting at you. The poison arrow hits you!!
You partially resist.
* * * LOW HITPOINT WARNING * * *
The eight-headed meat hydra calls on the powers of darkness!
The eight-headed meat hydra convulses! x2; The observer convulses!
The scourge convulses! x3; Your body is wracked with pain!
* * * LOW HITPOINT WARNING * * *
The bag of meat convulses!
The fleshlord convulses!
The observer convulses!
The bag of meat convulses!
The scourge is engulfed in poison gas.
The scourge looks even sicker.
The observer gazes at you. Something smites you!
* * * LOW HITPOINT WARNING * * *
You hear a shout!
The scourge breathes poison at you. The blast of poison misses you.
A vile comes into view. It is wielding a +0 morningstar.
You hear a shout!
The dread calls on the powers of darkness!
The scourge convulses!
The eight-headed meat hydra convulses! x2
Your body is wracked with pain!
* * * LOW HITPOINT WARNING * * *
The tyrant casts a spell.
The tyrant seems to speed up.
The vile throws damnation at you.
The sphere of damnation explodes!
The damnation engulfs you!!
You die...

W)))).....))
.W..)§... °# .
WS.)W....○#
..)##○.D999°S###o
o§))G)°†#D#°9.SW)
#)).)).°°°°○°...M
.°○)).#)°°°2#.p).
...o).#○°@°○....o
......#)○○○○#o...
#.))L))p○°°.)D)..
)))oG))†###○.))))
..W###....)S)###)
.....#.).W.).#.§.
.....#)..).))#...
...).)).).))))..)
)))))).....)§....


You could see an accursed, a meat beast (fast, poisoned), a tyrant (fast), 3
eight-headed meat hydras, 2 observers, 4 scourges, 2 fleshlords, 2 dreads, 4
viles, 4 wretched souls and 4 bags of meat.

Vanquished Creatures
  2 molten gargoyles (D)
  37 hell knights (D)
  Sigmund (D)
  20 hell beasts (D)
  Edmund (D)
  12 royal mummies (D)
  31 great orbs of eyes (D)
  28 wraiths (D)
  Harold (D)
  25 vampire knights (D)
  61 ogres (D)
  16 two-headed ogres (D)
  7 liches (D)
  19 hydras (D)
  25 phantoms (D)
  108 orcs (D)
  9 skeletal warriors (D)
  23 sea snakes (D)
426 creatures vanquished.

Notes
Turn   | Place    | Note
-------+----------+-------------------------------------------
     0 | D        | Found the +∞ Axe of Woe
     0 | D        | thiscave3701365 the Djinni Warper began the quest for the
                  | Orb.
     0 | D        | Reached XP level 1. HP: 18/18 MP: 0/0
     0 | D        | Noticed a bag of meat
     1 | D        | Noticed a bag of meat
     3 | D        | Became a worshipper of Makhleb the Destroyer
     5 | D        | Killed a bag of meat
     5 | D        | Noticed a bag of meat
     6 | D        | Reached skill level 10 in Dodging
     6 | D        | Reached XP level 2. HP: 34/34 MP: 0/0
     6 | D        | Reached XP level 3. HP: 39/39 MP: 0/0
     6 | D        | Learned a level 1 spell: Foxfire
     6 | D        | Reached XP level 4. HP: 45/45 MP: 0/0
     6 | D        | Reached XP level 5. HP: 50/50 MP: 0/0
     6 | D        | Learned a level 2 spell: Poisonous Vapours
     6 | D        | Reached XP level 6. HP: 56/56 MP: 0/0
     6 | D        | Reached XP level 7. HP: 61/61 MP: 0/0
     6 | D        | Learned a level 3 spell: Tukima's Dance
     6 | D        | Reached XP level 8. HP: 67/67 MP: 0/0
     6 | D        | Reached XP level 9. HP: 72/72 MP: 0/0
     6 | D        | Learned a level 3 spell: Dazzling Flash
     6 | D        | Reached XP level 10. HP: 78/78 MP: 0/0
     6 | D        | Reached XP level 11. HP: 84/84 MP: 0/0
     6 | D        | Learned a level 4 spell: Ice Form
     6 | D        | Noticed a bag of meat
     6 | D        | Noticed a meat berserker
     7 | D        | Killed a bag of meat
     7 | D        | Reached * piety under Makhleb
     7 | D        | Noticed a bag of meat
     8 | D        | Reached skill level 10 in Fighting
     8 | D        | Reached XP level 12. HP: 49/93 MP: 0/0
     8 | D        | Noticed a meat berserker
     9 | D        | Killed a bag of meat
     9 | D        | Killed a meat berserker
     9 | D        | Killed a bag of meat
     9 | D        | Reached ** piety under Makhleb
     9 | D        | Noticed a bag of meat
     9 | D        | HP: 3/93 [meat berserker/+9 battleaxe (63)]
     9 | D        | Noticed a bag of meat
    10 | D        | Reached XP level 13. HP: 4/104 MP: 0/0
    10 | D        | Learned a level 5 spell: Silence
    10 | D        | Reached XP level 14. HP: 4/111 MP: 0/0
    10 | D        | Killed a meat berserker
    10 | D        | Killed a bag of meat
    10 | D        | Noticed a bag of meat
    11 | D        | Reached skill level 15 in Fighting
    11 | D        | Reached skill level 15 in Axes
    11 | D        | Reached skill level 5 in Throwing
    11 | D        | Reached skill level 15 in Dodging
    11 | D        | Reached XP level 15. HP: 33/120 MP: 0/0
    11 | D        | Learned a level 6 spell: Dispersal
    13 | D        | Reached *** piety under Makhleb
    13 | D        | Reached **** piety under Makhleb
    13 | D        | Noticed a meat berserker
    14 | D        | Reached XP level 16. HP: 79/130 MP: 0/0
    14 | D        | Killed a meat berserker
    14 | D        | Noticed a meat berserker
    15 | D        | Reached skill level 27 in Spellcasting
    15 | D        | Reached XP level 17. HP: 141/141 MP: 0/0
    15 | D        | Learned a level 7 spell: Enfeeble
    15 | D        | Reached ***** piety under Makhleb
    15 | D        | Killed a meat berserker
    15 | D        | Noticed a meat berserker
    16 | D        | Noticed a meat berserker
    16 | D        | Noticed a meat berserker
    19 | D        | Killed a meat berserker
    19 | D        | Noticed a meat berserker
    20 | D        | Reached skill level 27 in Axes
    20 | D        | Reached XP level 18. HP: 159/159 MP: 0/0
    20 | D        | Killed a meat berserker
    20 | D        | Killed a meat berserker
    20 | D        | Reached ****** piety under Makhleb
    21 | D        | Reached skill level 27 in Fighting
    21 | D        | Reached skill level 10 in Armour
    21 | D        | Reached skill level 27 in Dodging
    21 | D        | Reached XP level 19. HP: 174/174 MP: 0/0
    21 | D        | Learned a level 6 spell: Summon Cactus Giant
    21 | D        | Noticed a meat berserker
    22 | D        | Noticed a destroyer
    22 | D        | Noticed a meat berserker
    23 | D        | Reached XP level 20. HP: 181/181 MP: 0/0
    23 | D        | Killed a meat berserker
    23 | D        | Killed a destroyer
    23 | D        | Killed a meat berserker
    23 | D        | Noticed a large bag of meat
    24 | D        | Reached XP level 21. HP: 187/187 MP: 0/0
    24 | D        | Learned a level 7 spell: Haunt
    24 | D        | Killed a large bag of meat
    24 | D        | Killed a meat berserker
    24 | D        | Noticed a destroyer
    24 | D        | Noticed a meat berserker
    25 | D        | Reached skill level 27 in Throwing
    25 | D        | Reached skill level 27 in Armour
    25 | D        | Killed a destroyer
    25 | D        | Killed a meat berserker
    25 | D        | Noticed a destroyer
    26 | D        | Reached XP level 22. HP: 194/194 MP: 0/0
    26 | D        | Killed a destroyer
    27 | D        | Noticed a destroyer
    27 | D        | Killed a destroyer
    28 | D        | Reached skill level 10 in Short Blades
    28 | D        | Reached skill level 10 in Long Blades
    28 | D        | Reached skill level 10 in Staves
    28 | D        | Reached skill level 10 in Stealth
    28 | D        | Reached skill level 10 in Shields
    28 | D        | Reached skill level 10 in Unarmed Combat
    28 | D        | Reached skill level 10 in Invocations
    28 | D        | Reached skill level 10 in Evocations
    28 | D        | Noticed an eight-headed meat hydra
    28 | D        | Killed an eight-headed meat hydra
    28 | D        | Noticed a destroyer
    29 | D        | Reached skill level 10 in Maces & Flails
    29 | D        | Reached skill level 10 in Polearms
    29 | D        | Reached skill level 10 in Slings
    29 | D        | Reached skill level 10 in Bows
    29 | D        | Reached skill level 10 in Crossbows
    29 | D        | Reached XP level 23. HP: 201/201 MP: 0/0
    29 | D        | Learned a level 8 spell: Disjunction
    29 | D        | Noticed a destroyer
    29 | D        | Noticed a destroyer
    29 | D        | Killed a destroyer
    29 | D        | Killed a destroyer
    29 | D        | Killed a destroyer
    29 | D        | Noticed a large bag of meat
    30 | D        | Killed a large bag of meat
    45 | D        | Reached XP level 24. HP: 208/208 MP: 0/0
    49 | D        | Noticed an accursed
    49 | D        | Killed an accursed
    50 | D        | Reached skill level 15 in Maces & Flails
    50 | D        | Reached skill level 15 in Polearms
    50 | D        | Reached skill level 15 in Slings
    50 | D        | Reached skill level 15 in Bows
    50 | D        | Reached skill level 15 in Crossbows
    50 | D        | Noticed an accursed
    53 | D        | Killed an accursed
    54 | D        | Reached skill level 27 in Stealth
    54 | D        | Reached XP level 25. HP: 214/214 MP: 0/0
    54 | D        | Learned a level 9 spell: Chain Lightning
    58 | D        | Noticed a meat beast
    59 | D        | Noticed a dread
    59 | D        | Noticed an accursed
    60 | D        | Noticed The Servant
    60 | D        | Killed a meat beast
    60 | D        | Killed a dread
    61 | D        | Reached XP level 26. HP: 136/221 MP: 0/0
    61 | D        | Killed The Servant
    61 | D        | Killed an accursed
    61 | D        | Noticed a meat beast
    61 | D        | Noticed a destroyer
    62 | D        | Reached XP level 27. HP: 228/228 MP: 0/0
    62 | D        | Learned a level 9 spell: Death's Door
    62 | D        | Killed a meat beast
    62 | D        | Killed a destroyer
    63 | D        | Noticed a meat beast
    63 | D        | Killed a meat beast
    64 | D        | Noticed a meat beast
    65 | D        | Noticed a dread
    66 | D        | Noticed a dread
    67 | D        | Killed a dread
    67 | D        | Killed a meat beast
    68 | D        | Reached skill level 27 in Shields
    68 | D        | Reached skill level 27 in Unarmed Combat
    68 | D        | Reached skill level 27 in Invocations
    68 | D        | Reached skill level 27 in Evocations
    68 | D        | Killed a dread
    69 | D        | Reached skill level 27 in Short Blades
    69 | D        | Reached skill level 27 in Long Blades
    69 | D        | Noticed a destroyer
    70 | D        | Reached skill level 27 in Staves
    70 | D        | Killed a destroyer
    70 | D        | Noticed a large bag of meat
    71 | D        | Noticed a meat beast
    71 | D        | Killed a large bag of meat
    71 | D        | Killed a meat beast
    72 | D        | Reached skill level 27 in Maces & Flails
    72 | D        | Reached skill level 27 in Polearms
    72 | D        | Reached skill level 27 in Slings
    72 | D        | Reached skill level 27 in Bows
    72 | D        | Reached skill level 27 in Crossbows
    72 | D        | Noticed a meat beast
    72 | D        | Noticed a dread
    73 | D        | Killed a dread
    73 | D        | Killed a meat beast
    73 | D        | Noticed a meat beast
    73 | D        | Noticed a tyrant
    73 | D        | Noticed a dread
    73 | D        | Noticed a destroyer
    74 | D        | Killed a dread
    74 | D        | Killed a destroyer
    75 | D        | Killed a meat beast
    75 | D        | Killed a tyrant
    78 | D        | Noticed a large bag of meat
    78 | D        | Noticed a tyrant
    79 | D        | Noticed a meat beast
    79 | D        | Killed a tyrant
    79 | D        | Noticed a meat beast
    81 | D        | Noticed a meat beast
    81 | D        | Killed a meat beast
    81 | D        | Noticed a large bag of meat
    81 | D        | Noticed an accursed
    82 | D        | Killed a meat beast
    82 | D        | Noticed a large bag of meat
    83 | D        | Killed a meat beast
    83 | D        | Killed a large bag of meat
    83 | D        | Noticed a destroyer
    84 | D        | Noticed a large bag of meat
    87 | D        | Killed a large bag of meat
    88 | D        | Killed a large bag of meat
    88 | D        | Noticed a large bag of meat
    89 | D        | Killed a large bag of meat
    89 | D        | Killed a destroyer
    90 | D        | Killed a large bag of meat
    92 | D        | Killed an accursed
    92 | D        | Noticed The Defiler
    93 | D        | Killed The Defiler
    93 | D        | Noticed a large bag of meat
    94 | D        | Killed a large bag of meat
    96 | D        | Noticed a meat beast
    97 | D        | Killed a meat beast
    98 | D        | Noticed a meat beast
    98 | D        | Noticed a tyrant
    99 | D        | Killed a tyrant
    99 | D        | Noticed an accursed
    99 | D        | Noticed an accursed
   100 | D        | Killed an accursed
   100 | D        | Killed a meat beast
   100 | D        | Killed an accursed
   101 | D        | Noticed an accursed
   102 | D        | Killed an accursed
   102 | D        | Noticed a meat beast
   104 | D        | Noticed a tyrant
   106 | D        | Noticed a dread
   106 | D        | Noticed an accursed
   107 | D        | Killed a dread
   107 | D        | Killed a tyrant
   108 | D        | Killed an accursed
   109 | D        | Noticed a destroyer
   110 | D        | Killed a destroyer
   112 | D        | Noticed a fleshlord
   112 | D        | Noticed an accursed
   113 | D        | Noticed a fleshlord
   113 | D        | Killed a fleshlord
   113 | D        | Killed an accursed
   113 | D        | Killed a fleshlord
   114 | D        | Noticed a large bag of meat
   115 | D        | Killed a large bag of meat
   115 | D        | Noticed a fleshlord
   115 | D        | Noticed a dread
   116 | D        | Killed a fleshlord
   116 | D        | Killed a dread
   117 | D        | Noticed a fleshlord
   117 | D        | Noticed a tyrant
   118 | D        | Killed a tyrant
   118 | D        | Killed a fleshlord
   119 | D        | Noticed a fleshlord
   119 | D        | Killed a fleshlord
   119 | D        | Noticed a meat beast
   119 | D        | Noticed a meat beast
   120 | D        | Killed a meat beast
   120 | D        | Noticed a fleshlord
   121 | D        | Killed a meat beast
   121 | D        | Killed a fleshlord
   124 | D        | Noticed a tyrant
   125 | D        | Killed a tyrant
   125 | D        | Noticed a tyrant
   126 | D        | Killed a tyrant
   129 | D        | Noticed a fleshlord
   130 | D        | Killed a fleshlord
   132 | D        | Noticed The Captor
   133 | D        | Noticed a dread
   133 | D        | Killed a dread
   133 | D        | Killed The Captor
   133 | D        | Noticed a meat beast
   133 | D        | Noticed a dread
   134 | D        | Killed a dread
   137 | D        | Noticed a large bag of meat
   138 | D        | Killed a large bag of meat
   138 | D        | Noticed a dread
   138 | D        | Noticed a fleshlord
   139 | D        | Killed a fleshlord
   139 | D        | Killed a dread
   140 | D        | Noticed a fleshlord
   141 | D        | Killed a fleshlord
   141 | D        | Killed a meat beast
   143 | D        | Noticed a destroyer
   143 | D        | Noticed a dread
   144 | D        | Killed a destroyer
   144 | D        | Killed a dread
   144 | D        | Noticed a dread
   144 | D        | Noticed a fleshlord
   145 | D        | Killed a fleshlord
   145 | D        | Killed a dread
   145 | D        | Noticed a destroyer
   146 | D        | Killed a destroyer
   146 | D        | Noticed a dread
   147 | D        | Killed a dread
   149 | D        | Noticed a fleshlord
   150 | D        | Killed a fleshlord
   152 | D        | Noticed a fleshlord
   153 | D        | Killed a fleshlord
   153 | D        | Noticed a fleshlord
   154 | D        | Noticed a fleshlord
   154 | D        | Killed a fleshlord
   154 | D        | Killed a fleshlord
   154 | D        | Noticed a fleshlord
   154 | D        | Noticed a fleshlord
   155 | D        | Noticed a meat beast
   155 | D        | Killed a fleshlord
   155 | D        | Killed a fleshlord
   157 | D        | Killed a meat beast
   157 | D        | Noticed a fleshlord
   158 | D        | Killed a fleshlord
   159 | D        | Noticed a meat beast
   160 | D        | Killed a meat beast
   161 | D        | Noticed a fleshlord
   161 | D        | Killed a fleshlord
   162 | D        | Noticed a fleshlord
   162 | D        | Noticed a fleshlord
   163 | D        | Killed a fleshlord
   163 | D        | Killed a fleshlord
   164 | D        | Noticed a fleshlord
   164 | D        | Noticed a large bag of meat
   165 | D        | Killed a large bag of meat
   165 | D        | Killed a fleshlord
   165 | D        | Noticed a dread
   166 | D        | Killed a dread
   166 | D        | Noticed an accursed
   166 | D        | Noticed a large bag of meat
   166 | D        | Noticed a meat beast
   167 | D        | Killed a meat beast
   167 | D        | Killed a large bag of meat
   167 | D        | Killed an accursed
   169 | D        | Noticed a fleshlord
   171 | D        | Killed a fleshlord
   174 | D        | Noticed a large bag of meat
   174 | D        | Noticed a fleshlord
   175 | D        | Killed a large bag of meat
   175 | D        | Killed a fleshlord
   176 | D        | Noticed a destroyer
   177 | D        | Killed a destroyer
   177 | D        | Noticed a destroyer
   178 | D        | Killed a destroyer
   183 | D        | Noticed a fleshlord
   183 | D        | Killed a fleshlord
   183 | D        | Noticed a destroyer
   184 | D        | Killed a destroyer
   187 | D        | Noticed a dread
   188 | D        | Killed a dread
   188 | D        | Noticed a dread
   189 | D        | Killed a dread
   189 | D        | Noticed an accursed
   190 | D        | Killed an accursed
   190 | D        | Noticed a fleshlord
   190 | D        | Noticed a large bag of meat
   191 | D        | Killed a large bag of meat
   191 | D        | Killed a fleshlord
   192 | D        | Noticed a fleshlord
   192 | D        | Killed a fleshlord
   193 | D        | Noticed a fleshlord
   194 | D        | Killed a fleshlord
   197 | D        | Noticed a dread
   197 | D        | Noticed a dread
   198 | D        | Killed a dread
   198 | D        | Noticed a dread
   198 | D        | Noticed a destroyer
   198 | D        | Noticed a fleshlord
   199 | D        | Killed a fleshlord
   199 | D        | Killed a dread
   199 | D        | Noticed an accursed
   200 | D        | Killed a dread
   200 | D        | Killed a destroyer
   200 | D        | Noticed a destroyer
   201 | D        | Killed an accursed
   201 | D        | Noticed a fleshlord
   202 | D        | Killed a fleshlord
   202 | D        | Noticed a destroyer
   203 | D        | Noticed a meat beast
   203 | D        | Noticed a large bag of meat
   203 | D        | Noticed a destroyer
   204 | D        | Killed a large bag of meat
   204 | D        | Killed a meat beast
   204 | D        | Noticed a destroyer
   205 | D        | Killed a destroyer
   205 | D        | Noticed a destroyer
   205 | D        | Noticed a fleshlord
   206 | D        | Killed a destroyer
   206 | D        | Noticed a dread
   207 | D        | Killed a destroyer
   207 | D        | Noticed a dread
   208 | D        | Killed a dread
   208 | D        | Killed a fleshlord
   209 | D        | Noticed a vile
   209 | D        | Killed a vile
   209 | D        | Killed a destroyer
   209 | D        | Noticed a fleshlord
   210 | D        | Killed a fleshlord
   210 | D        | Killed a dread
   212 | D        | Noticed a vile
   212 | D        | Killed a vile
   215 | D        | Noticed a dread
   216 | D        | Killed a dread
   216 | D        | Noticed a fleshlord
   217 | D        | Killed a fleshlord
   217 | D        | Noticed a dread
   218 | D        | Killed a dread
   218 | D        | Killed a destroyer
   220 | D        | Noticed a destroyer
   221 | D        | Killed a destroyer
   222 | D        | Noticed a dread
   222 | D        | Killed a dread
   222 | D        | Noticed a dread
   223 | D        | Killed a meat beast
   223 | D        | Killed a dread
   223 | D        | Noticed a dread
   224 | D        | Killed a dread
   225 | D        | Noticed a fleshlord
   225 | D        | Noticed a fleshlord
   226 | D        | Killed a fleshlord
   226 | D        | Killed a fleshlord
   227 | D        | Noticed a vile
   227 | D        | Noticed a dread
   227 | D        | Noticed a fleshlord
   228 | D        | Killed a dread
   228 | D        | Noticed a fleshlord
   228 | D        | Noticed a destroyer
   228 | D        | Noticed a fleshlord
   229 | D        | Killed a fleshlord
   229 | D        | Noticed a tyrant
   229 | D        | Noticed a vile
   229 | D        | Noticed a fleshlord
   229 | D        | Noticed a dread
   230 | D        | Killed a fleshlord
   230 | D        | Killed a fleshlord
   230 | D        | Noticed a meat beast
   230 | D        | Noticed a dread
   230 | D        | Noticed a fleshlord
   231 | D        | Killed a destroyer
   232 | D        | Noticed a dread
   232 | D        | Killed a dread
   232 | D        | Noticed an accursed
   232 | D        | Noticed a vile
   232 | D        | HP: 9/228 [??? (6)]
   232 | D        | Killed from afar by a vile

Illustrated notes

Levels and vault maps discovered:
D:        meatsprint

Skill      XL: |  1  2  3  4  5  6  7  8  9 10 11 12 13 14 15 16 17 18 19 20 21 22 23 24 25 26 27 |
---------------+----------------------------------------------------------------------------------+-----
Fighting       | 9 10 13 15 17 19 23 27 | 27.0
Axes           | 8 9 13 15 17 20 27 | 27.0
Throwing       | 3 4 5 6 7 12 19 26 27 | 27.0
Armour         | 2 3 4 10 17 22 27 | 27.0
Dodging        | 10 11 14 15 17 19 21 27 | 27.0
Spellcasting   | 16 18 22 24 26 27 | 27.0
Short Blades   | 8 11 14 16 20 22 27 | 27.0
Long Blades    | 8 11 14 16 20 22 27 | 27.0
Maces & Flails | 7 10 13 15 18 20 27 | 27.0
Polearms       | 7 10 13 15 18 20 27 | 27.0
Staves         | 8 11 14 16 19 21 27 | 27.0
Slings         | 7 10 13 15 18 20 27 | 27.0
Bows           | 7 10 13 15 18 20 27 | 27.0
Crossbows      | 7 10 13 15 18 20 27 | 27.0
Stealth        | 8 11 14 27 | 27.0
Shields        | 8 11 14 16 20 22 27 | 27.0
Unarmed Combat | 8 11 14 16 20 22 27 | 27.0
Invocations    | 8 11 14 16 20 22 27 | 27.0
Evocations     | 8 11 14 16 20 22 27 | 27.0

Action                   |  1- 3 |  4- 6 |  7- 9 | 10-12 | 13-15 | 16-18 | 19-21 | 22-24 | 25-27 || total
-------------------------+-------+-------+-------+-------+-------+-------+-------+-------+-------++-------
Melee: Executioner's axe |     1 |       |       |     4 |     5 |    13 |    15 |    15 |   366 ||   419
 Cast: Manifold Assault  |       |       |       |     1 |     1 |     4 |     4 |     8 |   138 ||   156
Armor: Leather armour    |       |       |       |       |       |       |       |       |     1 ||     1
Dodge: Dodged            |       |       |       |       |       |       |       |     1 |    11 ||    12

Table legend: (Time is in decaauts)
 A = Elapsed time spent in this place.
 B = Non-inter-level travel time spent in this place.
 C = Inter-level travel time spent in this place.
 D = Time resting spent in this place.
 E = Time spent auto-exploring this place.
 F = Levels seen in this place.
 G = Mean time per level.
                   A        B        C        D        E       F      G
               +--------+--------+--------+--------+--------+-----+--------+
         Total |    214 |    214 |      0 |      0 |      0 |   1 |  214.0 |
       Dungeon |    214 |    214 |      0 |      0 |      0 |   1 |  214.0 |
               +--------+--------+--------+--------+--------+-----+--------+

Top non-repeatable levels by time:
       D: 214 daAuts
